 Dungeon Crawl Stone Soup version 0.27.0-1-g7a089689b8 (webtiles) character file.

Game seed: 8855021389947202881

184 ZARRMARR the Digger (level 5, -3/40 HPs)
             Began as a Draconian Earth Elementalist on Aug 3, 2021.
             Was an Initiate of Makhleb.
             Slain by Edmund (12 damage)
             ... on level 4 of the Dungeon.
             The game lasted 00:13:48 (3935 turns).

ZARRMARR the Digger (Draconian Earth Elementalist)  Turns: 3935, Time: 00:13:49

Health: -3/40      AC:  5    Str: 10    XL:     5   Next: 36%
Magic:  8/9        EV: 12    Int: 17    God:    Makhleb [......]
Gold:   111        SH:  0    Dex: 11    Spells: 9/10 levels left

rFire    . . .     SeeInvis .   a - +0 broad axe
rCold    . . .     Faith    .   (no shield)
rNeg     . . .     Spirit   .   (armour unavailable)
rPois    .         Reflect  .   (helmet restricted)
rElec    .         Harm     .   (no cloak)
rCorr    .         Rampage  .   (no gloves)
Will     .....                  (no boots)
Stlth    ++........             (no amulet)
HPRegen  0.13/turn              (no ring)
MPRegen  0.11/turn              (no ring)

@: hasted, very quick
A: AC +5, unfitting armour, cold-blooded
a: Renounce Religion


You were on level 4 of the Dungeon.
You worshipped Makhleb.
Makhleb was noncommittal.
You visited 1 branch of the dungeon, and saw 4 of its levels.

You collected 111 gold pieces.

Inventory:

Hand Weapons
 a - a +0 broad axe (weapon)
 k - a +1 short sword of flaming
Missiles
 b - 73 stones (quivered)
Jewellery
 h - a ring of fire
Wands
 l - a wand of mindburst (9)
 o - a wand of acid (10)
Scrolls
 c - a scroll of holy word {unknown}
 d - a scroll of summoning {unknown}
 e - a scroll of amnesia {unknown}
 g - 2 scrolls of identify {unknown}
 j - a scroll of enchant armour {unknown}
Potions
 f - a potion of attraction {unknown}
 i - a potion of haste
 m - a potion of berserk rage {unknown}


   Skills:
 + Level 1.2 Fighting
 + Level 2.1 Axes
 + Level 1.1 Throwing
 + Level 2.2 Dodging
 + Level 2.2 Stealth
 + Level 3.1 Spellcasting
 + Level 1.0 Transmutations
 + Level 3.9 Earth Magic


You had 9 spell levels left.
You knew the following spells:

 Your Spells              Type           Power      Damage    Failure   Level
a - Sandblast             Erth           30%        2d9       3%          1

Your spell library contained the following spells:

 Spells                   Type           Power      Damage    Failure   Level
 Passwall                 Tmut/Erth      8%         N/A       10%         2
 Summon Small Mammal      Summ           8%         N/A       17%         1
 Stone Arrow              Conj/Erth      18%        3d8       24%         3
 Slow                     Hex            2%         N/A       26%         2
 Call Canine Familiar     Summ           2%         N/A       45%         3
 Confusing Touch          Hex            2%         N/A       45%         3
 Summon Guardian Golem    Hex/Summ       2%         N/A       45%         3
 Petrify                  Tmut/Erth      10%        N/A       54%         4
 Yara's Violent Unravell  Hex/Tmut       2%         3d3       98%         5


Dungeon Overview and Level Annotations

Branches:
Dungeon (4/15)
 Temple: D:4-7

Altars:
Makhleb
Okawaru
Xom

Annotations:
D:4 Edmund


Innate Abilities, Weirdness & Mutations

Your plain brown scales are hard. (AC +5)
You cannot fit into any form of body armour.
You are cold-blooded and may be slowed by cold attacks.


Message History

Your surroundings suddenly seem different.
Found 8 sling bullets, 10 stones and a scroll labelled BAECUO TOTEUTO.
Found 6 gold pieces.
Edmund shouts!
It was a potion of haste.
You feel yourself speed up.
Throw: 78 stones
Press: ? - help, Q - select action, (/) - cycle Shift-Dir - straight line, f/p - Edmund
Aim: Edmund, wielding a +4 flail of protection and wearing a +1 scale mail of cold resistance (lightly wounded, 58% to hit)
You throw a stone.
The stone hits Edmund but does no damage.
Edmund is lightly wounded.
Throw: 77 stones
Press: ? - help, Q - select action, (/) - cycle Shift-Dir - straight line, f/p - Edmund
Aim: Edmund, wielding a +4 flail of protection and wearing a +1 scale mail of cold resistance (lightly wounded, 58% to hit)
You throw a stone. The stone closely misses Edmund.
Unknown command.
Throw: 76 stones
Press: ? - help, Q - select action, (/) - cycle Shift-Dir - straight line, f/p - Edmund
Aim: Edmund, wielding a +4 flail of protection and wearing a +1 scale mail of cold resistance (lightly wounded, 58% to hit)
You throw a stone.
The stone hits Edmund but does no damage.
Edmund is lightly wounded.
Throw: 75 stones
Press: ? - help, Q - select action, (/) - cycle Shift-Dir - straight line, f/p - Edmund
Aim: Edmund, wielding a +4 flail of protection and wearing a +1 scale mail of cold resistance (lightly wounded, 58% to hit)
You throw a stone.
The stone hits Edmund but does no damage.
Edmund is lightly wounded.
Casting: Sandblast (safe; 3% risk of failure)
Confirm with . or Enter, or press ? or * to list all spells.
Aiming: Sandblast (safe; 3% risk of failure)
Press: ? - help, Shift-Dir - straight line, f/p - Edmund
Aim: Edmund, wielding a +4 flail of protection and wearing a +1 scale mail of cold resistance (lightly wounded, 82% to hit)
The blast of sand hits Edmund but does no damage.
Edmund is lightly wounded.
b - 73 stones You barely miss Edmund.
Edmund is lightly wounded.
Edmund hits you with a +4 flail of protection!
You die...

# ## #. #. .# ..
#. .#
###.#.#######.###.
#.................
#...@.......#
........@......#
####.....(..(..#
#......(....#
#......?((..#
#...........#
#.............
#.#.######....# #$
#....#


You could see Edmund.

Vanquished Creatures
  An orc priest (D:3)
  Jessica (D:2)
  Natasha (D:4)
  3 adders
  A worm (D:2)
  A dart slug (D:2)
  12 orcs (D:3)
  3 ball pythons
  An endoplasm (D:3)
  3 giant cockroaches
  6 goblins
  6 hobgoblins
  6 jackals
  5 bats
  2 frilled lizards (D:1)
  4 kobolds
  A rat (D:1)
57 creatures vanquished.

Vanquished Creatures (others)
  2 plants (D:3)
2 creatures vanquished.

Grand Total: 59 creatures vanquished

Notes
Turn   | Place    | Note
-------+----------+-------------------------------------------
     0 | D:1      | ZARRMARR the Draconian Earth Elementalist began the quest
                  | for the Orb.
     0 | D:1      | Reached XP level 1. HP: 14/14 MP: 3/3
   302 | D:1      | Reached XP level 2. HP: 18/20 MP: 5/5
   969 | D:2      | Reached XP level 3. HP: 26/26 MP: 3/6
   971 | D:2      | Noticed Jessica
   976 | D:2      | Killed Jessica
  1079 | D:2      | Reached skill level 1 in Axes
  1409 | D:2      | Reached XP level 4. HP: 34/34 MP: 3/8
  2362 | D:3      | Found a burning altar of Makhleb.
  2542 | D:3      | HP: 1/34 [orc priest (1)]
  2544 | D:3      | Reached skill level 1 in Fighting
  2544 | D:3      | Reached XP level 5. HP: 1/40 MP: 5/9
  2885 | D:3      | Reached skill level 1 in Throwing
  3237 | D:3      | Found an iron altar of Okawaru.
  3238 | D:3      | Found a shimmering altar of Xom.
  3247 | D:3      | Became a worshipper of Makhleb the Destroyer
  3334 | D:3      | Found a faded altar of an unknown god.
  3757 | D:4      | Noticed Natasha
  3772 | D:4      | Killed Natasha
  3912 | D:4      | Noticed Edmund
  3935 | D:4      | Slain by Edmund

Illustrated notes

Levels and vault maps discovered:
D:1:      dpeg_arrival_tiny_i, layout_rooms, minmay_misc_feat_nine_boxes,
          minmay_tetromino_t2
D:2:      layout_basic, corexii_leaking_fountain,
          hangedman_decor_diamond_cutter, uniq_jessica
D:3:      layout_basic, gammafunk_temple_overflow_forgotten,
          shapermc_ecumenical_altar_mp_highgroup, minmay_splitting_lines
D:4:      layout_basic, temple_fountains, uniq_edmund, uniq_eustachio,
          uniq_natasha

Skill      XL: |  1  2  3  4  5 |
---------------+----------------+-----
Dodging        | 2 |  2.2
Stealth        | 2 |  2.2
Axes           | 1 2 |  2.1
Fighting       | 1 |  1.2
Spellcasting   | 3 |  3.1
Throwing       | 1 |  1.1
Transmutations | |  1.0
Earth Magic    | |  3.9

Action                   |  1- 3 |  4- 6 || total
-------------------------+-------+-------++-------
Melee: Broad axe         |    17 |    86 ||   103
       Unarmed           |     3 |       ||     3
       Tailslap          |     1 |     8 ||     9
Throw: Stone             |    43 |    55 ||    98
 Cast: Sandblast         |    29 |    20 ||    49
  Use: Scroll            |       |     3 ||     3
       Potion            |       |     1 ||     1
 Stab: Sleeping          |     2 |     2 ||     4
Armor: Skin              |     8 |    27 ||    35
Dodge: Dodged            |    12 |    61 ||    73
